cohdb
Replays
Latest Replays
All Replays
Popular Replays
Top Player Replays
Match Explorer
How It Works
Community
CoH3 Stats
Reddit
Sign in to upload your games and track your stats! →
Sign in with Steam
Match 41336034
Unlisted
Match 41336034
Overview
Messages
Build Orders
End
Scout Squad
Construct Barracks
Riflemen Squad
Riflemen Squad
Riflemen Squad
Infantry Support Center
Construct Medical Station
Construct Weapon Support Center
M1919 Machine Gun Team
M1918 Browning Automatic Rifles
M3 Armored Personnel Carrier
Grenade Package
Selects Heavy Weapons
Selects Assault Carriers
Selects Exchangeable Parts
Selects M2HB .50cal Heavy Machine Gun
M1919 Machine Gun Team
HulkSMASH
The World
0
0
Comments
sign in to comment!
No comments posted yet!